 Dungeon Crawl Stone Soup version 0.32-a0-996-gb3226c233f (webtiles) character file.

Game seed: 9765582875481909178

16 Twinkles the Grave Robber (level 2, 20/20 HPs)
             Began as a Mummy Necromancer on Apr 22, 2024.
             Was a Follower of Fedhas.
             Safely got out of the dungeon.
             The game lasted 00:02:18 (1020 turns).

Twinkles the Grave Robber (Mummy Necromancer)       Turns: 1020, Time: 00:02:18

Health: 20/20      AC:  2    Str: 11    XL:     2   Next: 41%
Magic:  6/6        EV: 11    Int: 14    God:    Fedhas [*.....]
Gold:   94         SH:  0    Dex: 12    Spells: 6/7 levels left

rFire   x . .        c - +0 dagger
rCold   + . .        (no shield)
rNeg    + + +        a - +0 robe
rPois   ∞            (no helmet)
rElec   .            (no cloak)
rCorr   .            (no gloves)
SInv    .            (no boots)
Will    .....        (no amulet)
Stlth   ++           (no ring)
HPRegen 0.23/turn    (no ring)
MPRegen 0.10/turn

%: faith
@: no status effects
A: cold resistance 1, negative energy resistance 3, torment resistance 2, heat
vulnerability 1, in touch with death 1, no potions, faith
a: Renounce Religion


You escaped.
You worshipped Fedhas.
Fedhas was aware of your devotion.
You visited 1 branch of the dungeon, and saw 1 of its levels.

You collected 94 gold pieces.

Inventory:

Hand Weapons
 c - a +0 dagger (weapon)
Armour
 a - a +0 robe (worn)
Scrolls
 b - a scroll of identify {unknown}
 d - 2 scrolls of fog {unknown}
 e - a scroll of enchant weapon {unknown}


   Skills:
 + Level 0.9 Fighting
 + Level 1.8 Dodging
 - Level 1.5 Stealth
 + Level 3.0 Spellcasting
 + Level 4.1 Necromancy
 + Level 0.0 Invocations


You had 6 spell levels left.
You knew the following spells:

 Your Spells              Type           Power      Damage    Failure   Level
a - Necrotise             Necr           80%        1d8       3%          1

Your spell library contained the following spells:

 Spells                   Type           Power      Damage    Failure   Level
 Vampiric Draining        Necr           20%        2d7       12%         3
 Animate Dead             Necr           20%        N/A       36%         4
 Curse of Agony           Necr           20%        N/A       71%         5


Dungeon Overview and Level Annotations

Branches:
Dungeon (1/15) Zot: 4963

Altars:
Fedhas


Innate Abilities, Weirdness & Mutations

You are immune to poison.
Your flesh is cold resistant. (rC+)
You are immune to negative energy. (rN+++)
You are immune to unholy pain and torment.
You are vulnerable to heat. (rF-)
You are in touch with the powers of death.
You do not drink.
You have a special connection with the divine. (Faith)


Message History

Aim: an endoplasm (chance to affect: 89%)
You feel a surge of power!
The endoplasm barely resists.
You hit the endoplasm but do no damage. The endoplasm hits you.
You hit the endoplasm.
The endoplasm is heavily wounded.
The endoplasm barely misses you.
You hit the endoplasm but do no damage.
The endoplasm is heavily wounded.
The endoplasm freezes you.
You are frozen.
You resist.
You hit the endoplasm.
The endoplasm is severely wounded.
The endoplasm freezes you.
You are frozen.
You resist.
You hit the endoplasm.
You kill the endoplasm!
Fedhas accepts your kill.
No target in view!
No target in view!
HP restored.
Found a stone staircase leading down.
You see here 6 javelins.
You see here a stone.
You walk carefully through the plants.
You enter the shallow water.
Moving in this stuff is going to be slow.
You walk carefully through the plants.
You enter the shallow water.
Moving in this stuff is going to be slow.
You walk carefully through the plants.
You now have 94 gold pieces (gained 14).
Done exploring.
Done exploring.
Done exploring.
There is a stone staircase leading down here.
You walk carefully through the plants.
You enter the shallow water.
Moving in this stuff is going to be slow.
There is a staircase leading out of the dungeon here.
You have escaped!

...#.....♣.............♣.........
...#..♣♣♣~♣.....PP....♣~♣♣♣...###
...#.♣...♣~♣...PPPP..♣~♣...♣.....
....♣.....♣~♣PPPPPPP♣~♣.....♣....
##..♣......♣~♣PPPPP♣~♣......♣....
....♣......P♣~♣PPP♣~♣P......♣....
....♣.....PPP♣~♣♣♣~♣PPP.....♣....
.....♣...PPPPP♣~~~♣PPPPP...♣.....
......♣..PPPPP♣~@~♣PPPPP..♣..####
...#.♣....PPPP♣~~~♣PPPP....♣.# #
...#♣......PP♣~♣♣♣~♣PP......♣# #
...#♣......P♣~♣PPP♣~♣P......♣####
####♣......♣~♣PPPPP♣~♣......♣....
♣.....♣~♣PPPPPPP♣~♣.....♣.###
#####♣.!.♣~♣..PPPP...♣~♣...♣#....
......♣♣♣~♣....PP.....♣~♣♣♣##....
#####.###♣.............♣# #....


There were no monsters in sight!

Vanquished Creatures
  2 dart slugs (D:1)
  2 endoplasms (D:1)
  2 quokkas (D:1)
  A bat (D:1)
  2 frilled lizards (D:1)
  2 kobolds (D:1)
  A rat (D:1)
12 creatures vanquished.

Vanquished Creatures (collateral kills)
  A frilled lizard (D:1)
1 creature vanquished.

Grand Total: 13 creatures vanquished

Notes
Turn   | Place    | Note
-------+----------+-------------------------------------------
     0 | D:1      | Twinkles the Mummy Necromancer began the quest for the Orb.
     0 | D:1      | Reached XP level 1. HP: 13/13 MP: 4/4
   424 | D:1      | Reached XP level 2. HP: 20/20 MP: 2/5
   636 | D:1      | Found a faded altar of an unknown god.
   691 | D:1      | Prayed at the altar of an unknown god.
   691 | D:1      | Became a worshipper of Fedhas Madash
   691 | D:1      | Reached * piety under Fedhas
  1020 | D:$      | Safely got out of the dungeon.

Illustrated notes

Levels and vault maps discovered:
D:1:      orjb1_clovarrival, layout_basic, shapermc_ecumenical_altar_ellora,
          hangedman_decor_push

Skill      XL: |  1  2 |
---------------+-------+-----
Spellcasting   | 3 |  3.0
Fighting       | |  0.9
Dodging        | |  1.8
Stealth        | |  1.5
Necromancy     | |  4.1

Action                     || total
---------------------------++-------
  Melee: Dagger            ||     5
   Cast: Necrotise         ||    18
 Armour: Robe              ||     2
  Dodge: Dodged            ||     2

Table legend: (Time is in decaauts)
 A = Elapsed time spent in this place.
 B = Non-inter-level travel time spent in this place.
 C = Inter-level travel time spent in this place.
 D = Time resting spent in this place.
 E = Time spent auto-exploring this place.
 F = Levels seen in this place.
 G = Mean time per level.
                   A        B        C        D        E       F      G
               +--------+--------+--------+--------+--------+-----+--------+
         Total |   1036 |    945 |     91 |      0 |    845 |   1 | 1036.0 |
       Dungeon |   1036 |    945 |     91 |      0 |    845 |   1 | 1036.0 |
               +--------+--------+--------+--------+--------+-----+--------+

Top non-repeatable levels by time:
     D:1: 1036 daAuts
